 Dungeon Crawl Stone Soup version 0.19-a0-1682-g5114f93 (webtiles) character file.

5586 poirepourri the Covert (level 10, -6/44 HPs)
             Began as a Spriggan Enchanter on Sept 24, 2016.
             Was a Believer of Dithmenos.
             Mangled by a two-headed hydra (15 damage)
             ... on level 8 of the Dungeon.
             The game lasted 00:22:08 (14320 turns).

poirepourri the Covert (Spriggan Enchanter)        Turns: 14320, Time: 00:22:09

Health: -6/44      AC:  6    Str:  4    XL:     10   Next: 45%
Magic:  3/25       EV: 20    Int: 19    God:    Dithmenos [**....]
Gold:   87         SH:  0    Dex: 18    Spells: 6 memorised, 14 levels left

rFire  . . .     SeeInvis +     G - +1 dagger (elec)
rCold  . . .     Gourm    .     f - +1 robe
rNeg   . . .     Faith    .     (shield restricted)
rPois  .         Spirit   .     (helmet restricted)
rElec  .         Dismiss  .     J - +1 cloak {MR+}
rCorr  .         Reflect  .     (gloves unavailable)
MR     ++...     Harm     .     (boots unavailable)
Stlth  +++++++++.               (no amulet)
                                v - ring of stealth
                                j - ring of wizardry

@: wreathed by umbra, very quick
A: unfitting armour, see invisible, herbivore 3, speed 3, slow metabolism 2
a: Shadow Step, Renounce Religion


You were on level 8 of the Dungeon.
You worshipped Dithmenos.
Dithmenos was pleased with you.
You were not hungry.

You visited 2 branches of the dungeon, and saw 9 of its levels.

You collected 426 gold pieces.
You spent 339 gold pieces at shops.

Inventory:

Hand Weapons
 a - a +3 dagger
 G - a +1 dagger of electrocution (weapon)
Armour
 f - a +1 robe (worn)
 u - a +0 buckler
 J - a +1 cloak of magic resistance (worn)
Jewellery
 h - an uncursed ring of teleportation
 j - a ring of wizardry (left hand)
 v - a ring of stealth (right hand)
 D - an uncursed ring of poison resistance
 H - an uncursed ring of ice {unknown}
 K - an uncursed amulet of harm
Wands
 o - a wand of flame (21/48)
 p - a wand of random effects (31/48)
 y - a wand of slowing (27/48)
Scrolls
 b - a scroll of enchant armour
 n - a scroll of fear
 C - a scroll of remove curse
 E - 2 scrolls of amnesia
 F - a scroll of magic mapping
 L - a scroll of teleportation
Potions
 d - 3 potions of flight
 e - a potion of curing
 g - a potion of ambrosia {unknown}
 i - a potion of invisibility {unknown}
 k - 3 potions of mutation
 l - a potion of brilliance {unknown}
 m - a potion of magic
 q - a potion of might {unknown}
 r - a potion of agility {unknown}
 x - 3 potions of degeneration {unknown}
 A - a potion of haste {unknown}
 I - 2 potions of cancellation {unknown}
Books
 c - a book of Maledictions

   Spells                             Type                      Level
   a - Corona                         Hexes                        1
   b - Ensorcelled Hibernation        Hexes/Ice                    2
   c - Confuse                        Hexes                        3
   d - Tukima's Dance                 Hexes                        3
   e - Dazzling Spray                 Conjuration/Hexes            3
 t - a book of the Dragon

   Spells                             Type                      Level
   a - Flame Tongue                   Conjuration/Fire             1
   b - Cause Fear                     Hexes                        4
   c - Bolt of Fire                   Conjuration/Fire             6
   d - Dragon Form                    Transmutation                7
   e - Dragon's Call                  Summoning                    9
 B - a book of the Tempests

   Spells                             Type                      Level
   a - Static Discharge               Conjuration/Air              3
   b - Lightning Bolt                 Conjuration/Air              5
   c - Fireball                       Conjuration/Fire             5
   d - Tornado                        Air                          9
   e - Shatter                        Earth                        9
Comestibles
 s - 17 fruits
 w - 6 slices of pizza
 z - 3 bread rations


   Skills:
 + Level 0.2 Fighting
 + Level 5.0 Short Blades
 + Level 4.8 Dodging
 + Level 14.2 Stealth
 + Level 10.8 Spellcasting
 + Level 2.2 Conjurations
 + Level 8.6 Hexes


You had 14 spell levels left.
You knew the following spells:

 Your Spells              Type           Power        Failure   Level  Hunger
a - Corona                Hex            #####..      1%          1    None
b - Ensorcelled Hibernat  Hex/Ice        ####..       1%          2    None
c - Confuse               Hex            #####...     1%          3    None
d - Tukima's Dance        Hex            #####...     1%          3    None
e - Dazzling Spray        Conj/Hex       ####..       1%          3    None
f - Cause Fear            Hex            #####.....   1%          4    ##.....


Dungeon Overview and Level Annotations

Branches:
Dungeon (8/15)             Temple (1/1) D:4
   Lair: D:8-11

Altars:
Ashenzari
Cheibriados
Dithmenos
Fedhas
Gozag
Hepliaklqana
Kikubaaqudgha
Makhleb
Nemelex Xobeh
Okawaru
Qazlal
Ru
Sif Muna
Trog
Uskayaw
Vehumet
Xom
Yredelemnul
Zin
The Shining One

Shops:
D:4 !   D:5 %   D:7 [


Innate Abilities, Weirdness & Mutations

You are tiny and cannot use many weapons and most armour.
You have supernaturally acute eyesight. (SInv)
You are a herbivore.
You cover ground extremely quickly.
You need consume almost no food.


Message History

Press: ? - help, Shift-Dir - straight line, f/p - big kobold
Aim: a big kobold (heavily wounded)
The spray of energy hits the two-headed hydra.
The two-headed hydra is moderately wounded.
The two-headed hydra is dazzled.
You hit the two-headed hydra but do no damage.
There is a sudden explosion of sparks!
The two-headed hydra is heavily wounded.
The two-headed hydra bites you!
* * * LOW HITPOINT WARNING * * *
The two-headed hydra misses you.
Casting: Dazzling Spray
Confirm with . or Enter, or press ? or * to list all spells.
Aiming: Dazzling Spray
Press: ? - help, Shift-Dir - straight line, f/p - big kobold
Aim: a big kobold (heavily wounded, umbra)
The spray of energy hits the two-headed hydra.
The two-headed hydra is severely wounded.
The two-headed hydra is dazzled.
The two-headed hydra bites you!
You die...

######....................
#......##.........###
#.................)..
#......##.........###
#....................
#...P..P..)..........
#.....8.#...<##+##...
#.......'....#...#...
#..K@...#....'.♣.##.#
#..D..###....#....#.#
#....## #....##...###
####.##### #.....#....#.
#.≈.÷.≈PP# #.....##.(...
#...÷..≈P# ###.####.<.♣.
#.....P)≈# #..###.....
#..PD.≈≈P# ##.##....#.
#.....P≈.# ##.##.).###


You could see a two-headed hydra (blind) and a big kobold.

Vanquished Creatures
  Maurice (D:8)
  Prince Ribbit (D:8)
  A two-headed ogre (D:8)
  2 hippogriffs (D:8)
  2 dream sheep (D:8)
  2 yaks (D:8)
  A steam dragon (D:8)
  A sky beast (D:5)
  A black bear (D:6)
  An orc warrior (D:6)
  An ice beast (D:5)
  A wasp (D:7)
  6 ogres
  A necrophage (D:8)
  A crocodile (D:7)
  5 centaurs
  2 big kobolds (D:8)
  Blork the orc (D:5)
  3 bullfrogs
  3 scorpions
  A water moccasin skeleton (D:6)
  5 wights
  3 howler monkeys
  5 crimson imps
  A quasit (D:5)
  A bullfrog zombie (D:6)
  3 hounds
  2 jellies
  5 orc priests
  5 orc wizards
  Crazy Yiuf (D:3)
  A centaur skeleton (D:7)
  Ijyb (D:3)
  2 iguanas
  5 worker ants
  2 hound zombies
  A howler monkey zombie (D:7)
  A worker ant zombie (D:8)
  Robin (D:2)
  10 gnolls
  8 adders
  A shadow imp (D:8)
  An adder zombie (D:6)
  4 dart slugs
  4 leopard geckos
  18 orcs
  4 ball pythons
  9 giant cockroaches
  5 hobgoblins
  13 jackals
  2 quokkas
  8 bats
  7 frilled lizards
  24 goblins
  A jackal skeleton (D:5)
  8 kobolds
  A leopard gecko skeleton (D:5)
  A leopard gecko zombie (D:8)
  A quokka skeleton (D:7)
  10 rats
223 creatures vanquished.

Notes
Turn   | Place    | Note
-------+----------+-------------------------------------------
     0 | D:1      | poirepourri the Spriggan Enchanter began the quest for the Orb.
     0 | D:1      | Reached XP level 1. HP: 9/9 MP: 5/5
   231 | D:1      | Reached skill level 5 in Stealth
   246 | D:1      | Reached XP level 2. HP: 2/13 MP: 6/6
   253 | D:1      | Learned a level 2 spell: Ensorcelled Hibernation
  1375 | D:1      | Reached XP level 3. HP: 13/16 MP: 5/8
  1731 | D:2      | Learned a level 3 spell: Confuse
  2042 | D:2      | Noticed Robin
  2716 | D:2      | Reached skill level 6 in Stealth
  2804 | D:2      | Reached XP level 4. HP: 21/21 MP: 0/9
  3448 | D:2      | Killed Robin
  3493 | D:2      | Reached skill level 7 in Stealth
  3493 | D:2      | Reached XP level 5. HP: 11/24 MP: 1/11
  4141 | D:2      | Learned a level 3 spell: Tukima's Dance
  4258 | D:3      | Found an iron altar of Okawaru.
  5197 | D:3      | Found a radiant altar of Vehumet.
  5197 | D:3      | Noticed Ijyb
  5201 | D:3      | Killed Ijyb
  5526 | D:3      | Learned a level 3 spell: Dazzling Spray
  5686 | D:3      | Reached XP level 6. HP: 28/28 MP: 10/14
  6048 | D:3      | Found a runed door.
  6164 | D:3      | Noticed Crazy Yiuf
  6168 | D:3      | Killed Crazy Yiuf
  6479 | D:4      | Reached skill level 5 in Spellcasting
  6479 | D:4      | Reached skill level 5 in Hexes
  6637 | D:4      | Found a shimmering altar of Xom.
  6731 | D:4      | Found Isusolom's Distillery.
  6736 | D:4      | Bought a potion of heal wounds for 70 gold pieces
  6881 | D:4      | Reached XP level 7. HP: 32/32 MP: 16/16
  6887 | D:4      | Found a staircase to the Ecumenical Temple.
  6900 | Temple   | Entered the Ecumenical Temple
  7097 | Temple   | Became a worshipper of Dithmenos the Shadowed
  7346 | D:4      | Found a glowing golden altar of the Shining One.
  7396 | D:4      | Reached skill level 8 in Stealth
  7472 | D:5      | Entered Level 5 of the Dungeon
  7776 | D:5      | Found Gotaf Fog's Food Shop.
  7785 | D:5      | Bought a bread ration for 55 gold pieces
  8136 | D:5      | HP: 1/32 [ice beast (14)]
  8482 | D:5      | Noticed Blork the orc
  8489 | D:5      | Killed Blork the orc
  8489 | D:5      | Reached skill level 9 in Stealth
  8489 | D:5      | Reached XP level 8. HP: 36/36 MP: 20/20
  8818 | D:6      | Reached * piety under Dithmenos
  8951 | D:6      | Reached skill level 10 in Stealth
  9943 | D:7      | Found Rathreole's Armour Shoppe.
 10021 | D:7      | Reached XP level 9. HP: 39/39 MP: 23/23
 10309 | D:7      | Reached skill level 11 in Stealth
 10715 | D:7      | Reached skill level 1 in Conjurations
 11420 | D:7      | Bought a +1 cloak of magic resistance for 214 gold pieces
 11922 | D:7      | Found a hazy altar of Hepliaklqana.
 12070 | D:8      | Noticed Prince Ribbit
 12080 | D:8      | Killed Prince Ribbit
 12080 | D:8      | Reached skill level 12 in Stealth
 12097 | D:8      | Reached ** piety under Dithmenos
 12121 | D:8      | Reached skill level 10 in Spellcasting
 12194 | D:8      | Reached skill level 13 in Stealth
 12380 | D:8      | Noticed Maurice
 12391 | D:8      | Killed Maurice
 12391 | D:8      | Reached skill level 5 in Short Blades
 12391 | D:8      | Reached XP level 10. HP: 44/44 MP: 17/25
 13603 | D:7      | Learned a level 4 spell: Cause Fear
 13756 | D:8      | Reached skill level 14 in Stealth
 14295 | D:8      | Noticed a two-headed hydra
 14320 | D:8      | Mangled by a two-headed hydra

Vault maps used:
D:1:      nicolae_arrival_somewhat_less_tricky_arrival
D:2:      uniq_robin
D:3:      vehumet_crystals, minmay_misc_feat_cross, okawaru_gym_becter,
          uniq_crazy_yiuf_cottage, uniq_iyjb
D:4:      lemuel_coloured_pillars_altar, serial_shops, kennysheep_little_box,
          grunt_ministairs_14, minmay_tree_intersection, tgw_xom
D:5:      first_bread, serial_shops, nicolae_shop_stone, uniq_blork_the_orc
D:7:      lemuel_doored_altar, serial_shops, nicolae_shop_crystal
D:8:      serial_undead, serial_undead_c, serial_undead_e, serial_undead_e,
          serial_undead_c, hangedman_ranch, grunt_ministairs_13,
          uniq_prince_ribbit1, uniq_maurice
Temple:   regret_index_temple_sphere_string

Skill      XL: |  1  2  3  4  5  6  7  8  9 10 |
---------------+-------------------------------+-----
Stealth        | 5 6 7 9 10 13 14 | 14.2
Spellcasting   | 3 4 5 7 9 10 | 10.8
Hexes          | 4 5 6 7 8 |  8.6
Short Blades   | 2 3 5 |  5.0
Dodging        | 4 |  4.8
Conjurations   | 1 2 |  2.2
Fighting       | |  0.2

Action                   |  1- 3 |  4- 6 |  7- 9 | 10-12 || total
-------------------------+-------+-------+-------+-------++-------
Melee: Dagger            |   109 |   102 |   199 |    26 ||   436
 Cast: Corona            |     7 |     1 |     1 |       ||     9
       Ensorcelled Hiber |    38 |    56 |   101 |    26 ||   221
       Dazzling Spray    |       |     1 |    36 |    33 ||    70
       Confuse           |       |       |     2 |       ||     2
  Use: Scroll            |    10 |     6 |     8 |     1 ||    25
       Potion            |     2 |       |     2 |     2 ||     6
 Stab: Sleeping          |    32 |    39 |    76 |    12 ||   159
       Distracted        |     1 |     1 |     1 |       ||     3
       Invisible         |       |     1 |     3 |       ||     4
       Confused          |       |       |     2 |       ||     2
  Eat: Bread ration      |     1 |       |     1 |       ||     2
       Fruit             |       |       |     2 |     3 ||     5
Armor: Robe              |    34 |     6 |    20 |     8 ||    68
Dodge: Dodged            |   179 |    72 |   163 |    60 ||   474
